AoeStats
← Kaos

Hideout

509398185Analyzed
1v1 RM · 7d ago on Sep 26, 2026· 23m 44s· 2 players
Game mode
Random Map
Map size
Tiny (2 player)
Population
200
Speed
Normal
Resources
Standard
Victory
Conquest
Starting age
Dark Age
Ending age
Imperial Age
RankedLock teamsTeams togetherTeam positionsShared explorationLock speedFull tech treeHidden civsTurbo modeCheats
Victory
Defeat
🇪🇸 Tatars · Spain
594
+18
🇨🇭 Saxons · Switzerland
628
-18
Kaos
7:22 Loom
10:50 Feudal Age
11:49 Double-Bit Axe
12:59 Fletching
12:56 Horse Collar
20:00 Wheelbarrow
20:00 Padded Archer Armor
22:40 Castle Age
23:32 Bow Saw
23:23 Heavy Plow
22:49 Crossbowman
23:29 Bodkin Arrow
23:50 Leather Archer Armor
EeeZee3
1:20 Loom
15:13 Feudal Age
16:18 Horse Collar
16:27 Double-Bit Axe
19:19 Town Watch
20:25 Wheelbarrow
20:33 Fletching
20:54 Forging
21:39 Gold Mining
22:07 Padded Archer Armor
Connection lost

Rejoining the realm…

Still unreachable

The connection could not be restored.

Session expired

The server has moved on; the page needs a fresh start.